 Dungeon Crawl Stone Soup version 0.21.1-1-g345015fe64 (webtiles) character file.

63 Jukra the Skirmisher (level 3, -2/30 HPs)
             Began as a Demonspawn Abyssal Knight on Feb 8, 2018.
             Was a Follower of Lugonu.
             Killed from afar by an orc wizard (8 damage)
             ... with a puff of frost
             ... on level 3 of the Dungeon.
             The game lasted 00:06:23 (2104 turns).

Jukra the Skirmisher (Demonspawn Abyssal Knight)    Turns: 2104, Time: 00:06:24

Health: -2/30      AC: 11    Str: 13    XL:     3   Next: 89%
Magic:  4/4        EV:  6    Int: 13    God:    Lugonu [*.....]
Gold:   159        SH:  0    Dex: 12    Spells: 2/2 levels left

rFire    . . .     SeeInvis .   a - +1 hand axe
rCold    . . .     Gourm    .   (no shield)
rNeg     . . .     Faith    .   l - +0 chain mail
rPois    .         Spirit   .   (no helmet)
rElec    .         Reflect  .   (no cloak)
rCorr    .         Harm     .   p - +1 pair of gloves
MR       .....                  (no boots)
Stlth    ..........             (no amulet)
HPRegen  0.10/turn              (no ring)
MPRegen  0.09/turn              (no ring)

@: no status effects
A: nightstalker 1
a: Depart the Abyss, Renounce Religion


You were on level 3 of the Dungeon.
You worshipped Lugonu.
Lugonu was aware of your devotion.
You were hungry.

You visited 1 branch of the dungeon, and saw 3 of its levels.
You visited the Abyss 1 time.

You collected 159 gold pieces.

Inventory:

Hand Weapons
 a - a +1 hand axe (weapon)
 i - a +0 hand axe
 j - a +1 dagger of pain
Armour
 b - a +0 leather armour
 g - a +0 ring mail
 l - a +0 chain mail (worn)
 n - a +0 pair of gloves
 p - a +1 pair of gloves (worn)
 q - a +0 leather armour of poison resistance
Scrolls
 e - 3 scrolls of teleportation {unknown}
 m - a scroll of blinking {unknown}
 o - a scroll of immolation {unknown}
 s - a scroll of identify {unknown}
 t - a scroll of remove curse {unknown}
 u - a scroll of magic mapping {unknown}
Potions
 d - a potion of haste {unknown}
 f - a potion of magic {unknown}
 h - a potion of degeneration {unknown}
 k - a potion of flight {unknown}
 r - 2 potions of curing {unknown}
 v - 2 potions of mutation {unknown}
 w - a potion of ambrosia {unknown}
 x - a potion of lignification {unknown}
Comestibles
 c - 5 rations


   Skills:
 + Level 3.8 Fighting
 + Level 2.3 Axes
 + Level 2.5 Armour
 + Level 1.0 Dodging
 + Level 0.3 Stealth
 + Level 2.4 Invocations


You had 2 spell levels left.
You didn't know any spells.

Dungeon Overview and Level Annotations

Branches:
Dungeon (3/15)

Altars:
Nemelex Xobeh
Sif Muna
Vehumet


Innate Abilities, Weirdness & Mutations

You are slightly more attuned to the shadows.


Message History

The orc wizard closely misses you.
The orc wizard hits you but does no damage. x2
You closely miss the orc wizard.
The orc wizard is almost dead.
You closely miss the orc wizard.
The orc wizard hits you but does no damage.
The orc wizard gestures at you while chanting.
The puff of frost hits you!
The orc wizard hits you but does no damage.
You hit the orc wizard but do no damage.
The orc wizard is almost dead.
You hit the orc wizard.
The orc wizard points at you and mumbles some strange words.
The puff of flame hits you!
The orc wizard gestures wildly while chanting.
The orc wizard blinks!
The orc wizard hits you but does no damage.
The orc wizard casts a spell at you. The puff of frost hits you!
You die...

#.# #.# #####.#
......# ....#.#
......############
####.............#
#.....########.#
##...## #@# ##.##
#.# #.# #o# #.#


hho #+# #oS## #.o# .... #... You could see 2 orc wizards, 2 orcs, 2 jackals and
a ball python.

Vanquished Creatures
  An adder (D:3)
  A worm (D:2)
  2 leopard geckos
  An orc (D:3)
  8 bats
  4 giant cockroaches
  6 goblins (D:1)
  6 hobgoblins
  2 jackals (D:3)
  4 frilled lizards
  9 kobolds
  A leopard gecko zombie (D:2)
  A rat (D:1)
46 creatures vanquished.

Notes
Turn   | Place    | Note
-------+----------+-------------------------------------------
     0 | Abyss:1  | Jukra the Demonspawn Abyssal Knight began the quest for the Orb.
     0 | Abyss:1  | Reached XP level 1. HP: 18/18 MP: 2/2
    62 | Abyss:1  | Noticed an ancient zyme
    63 | D:1      | Escaped the Abyss
   455 | D:1      | Reached * piety under Lugonu
   455 | D:1      | Gained mutation: You are slightly more attuned to the shadows. [demonic ancestry]
   455 | D:1      | Reached XP level 2. HP: 24/24 MP: 3/3
  1195 | D:1      | You fall through a shaft!
  1203 | D:2      | Reached XP level 3. HP: 26/30 MP: 4/4
  1259 | D:2      | Found a radiant altar of Vehumet.
  1267 | D:2      | Found a deep blue altar of Sif Muna.
  1310 | D:2      | Found a sparkling altar of Nemelex Xobeh.
  1660 | D:2      | Reached skill level 1 in Dodging
  2104 | D:3      | Killed from afar by an orc wizard

Skill      XL: |  1  2  3 |
---------------+----------+-----
Armour         | 2 |  2.5
Axes           | 2 |  2.3
Dodging        | 1 |  1.0
Fighting       | |  3.8
Stealth        | |  0.3
Invocations    | |  2.4

Action                   || total
-------------------------++-------
Melee: Hand axe          ||   143
Invok: Depart the Abyss  ||     1
 Stab: Sleeping          ||     3
  Eat: Ration            ||     1
Armor: Leather armour    ||     7
       Ring mail         ||    20
       Chain mail        ||    74
Dodge: Dodged            ||    65
